 Dungeon Crawl Stone Soup version 0.31-a0-1612-g4aaf141004 (webtiles) character file.

Game seed: 2456471550716067746

147 Jannitor the Slasher (level 5, -4/45 HPs)
             Began as a Draconian Reaver on Jan 9, 2024.
             Succumbed to Sigmund's poison
             ... on level 4 of the Dungeon.
             The game lasted 00:03:26 (2871 turns).

Jannitor the Slasher (Draconian Reaver)             Turns: 2871, Time: 00:03:27

Health: -4/45      AC:  5    Str: 12 (14) XL:     5   Next: 7%
Magic:  9/9        EV: 12    Int: 13 (16) God:
Gold:   277        SH:  0    Dex:  8 (9)  Spells: 8/9 levels left

rFire   . . .        b - +4 dagger (venom)
rCold   . . .        (no shield)
rNeg    . . .        (body armour unavailable)
rPois   .            (helmet restricted)
rElec   .            (no cloak)
rCorr   .            (no gloves)
SInv    .            (no boots)
Will    .....        f - amulet of faith
Stlth   +            (no ring)
HPRegen 0.27/turn    (no ring)
MPRegen 0.11/turn

%: faith
@: lethally poisoned (-4 -> -26)
A: AC +5, unfitting armour, cold-blooded, fangs 1, horns 1
a: no special abilities


You were on level 4 of the Dungeon.
You visited 1 branch of the dungeon, and saw 4 of its levels.

You collected 277 gold pieces.

Inventory:

Hand Weapons
 a - a +0 falchion
 b - a +4 dagger of venom (weapon)
Jewellery
 f - an amulet of faith (around neck)
Scrolls
 c - a scroll of immolation {unknown}
 d - 2 scrolls of identify {unknown}
 g - a scroll of enchant armour {unknown}
 h - a scroll of torment {unknown}
 j - 2 scrolls of amnesia {unknown}
 l - a scroll of fear {unknown}
 m - 2 scrolls of noise {unknown}
 n - a scroll of brand weapon {unknown}
 p - a scroll of butterflies {unknown}
Potions
 e - a potion of mutation
 i - a potion of cancellation


   Skills:
 + Level 3.2 Fighting
 + Level 3.7 Long Blades
 + Level 2.5 Dodging
 + Level 2.8 Spellcasting
 + Level 3.7 Conjurations


You had 8 spell levels left.
You knew the following spells:

 Your Spells              Type           Power      Damage    Failure   Level
a - Kiss of Death         Conj/Necr      24%        2d7       11%         1

Your spell library contained the following spells:

 Spells                   Type           Power      Damage    Failure   Level
 Momentum Strike          Conj/Tloc      12%        3d8       17%         2
 Freeze                   Ice            4%         1d3       24%         1
 Hailstorm                Conj/Ice       6%         3d5       32%         3
 Call Canine Familiar     Summ           1%         N/A       56%         3
 Frozen Ramparts          Ice            2%         1d1       56%         3
 Sigil of Binding         Hex            1%         N/A       56%         3
 Tukima's Dance           Hex            1%         N/A       56%         3
 Dimensional Bullseye     Hex/Tloc       0%         N/A       93%         4
 Passage of Golubria      Tloc           1%         N/A       93%         4
 Yara's Violent Unravell  Hex/Alch       0%         3d3       100%        5


Dungeon Overview and Level Annotations

Branches:
Dungeon (4/15)
 Temple: D:4-7

Altars:
Elyvilon
Gozag

Annotations:
D:4 Ijyb, Sigmund


Innate Abilities, Weirdness & Mutations

Your plain brown scales are hard. (AC +5)
You cannot fit into any form of body armour.
You are cold-blooded and may be slowed by cold attacks.
You have very sharp teeth.
You have a pair of small horns on your head.


Message History

You hit the quokka.
You kill the quokka!
You hit Ijyb but do no damage.
Ijyb is poisoned.
You hit Ijyb but do no damage.
Ijyb looks as sick as possible!
Your bite misses Ijyb. Ijyb barely misses you. Something hits you.
You are poisoned.
You barely miss Ijyb. Your bite misses Ijyb.
Ijyb is lightly wounded.
You feel very sick. Ijyb hits you but does no damage.
Something hits you but does no damage.
You are more poisoned.
You closely miss Ijyb. You headbutt Ijyb, but do no damage.
Your tail-slap misses Ijyb.
Ijyb is moderately wounded.
You feel sick.
Ijyb zaps a wand.
You resist with some effort.
You hit Ijyb but do no damage.
Ijyb looks as sick as possible!
You bite Ijyb, but do no damage.
Ijyb is moderately wounded.
You feel sick.
Ijyb zaps a wand.
You suddenly lose the ability to move!
Something hits you!
You are more poisoned.
You feel very sick.
Ijyb zaps a wand.
You resist with some effort.
You feel very sick. Something hits you!
* * * LOW HITPOINT WARNING * * *
You are more poisoned.
Ijyb hits you but does no damage.
You can move again.
Unknown command.
It was a potion of degeneration.
There was something very wrong with that liquid.
You feel weakened.
You feel dopey.
You feel clumsy.
* * * LOW HITPOINT WARNING * * *
You feel very sick. Ijyb hits you but does no damage.
Something hits you but does no damage.
You are more poisoned.
You hit Ijyb but do no damage.
Ijyb looks as sick as possible!
Ijyb is heavily wounded.
You die...

..##.......######.#.###
..##...###.# #[#.# .......###.#
#.#.######.## ...........#
#.#.........# .......##..#
###.#.######..# . #...##..#..#
#.............# .. #..........#
#.###.######..#...
###.#####..####.###.............
...............@g{.............
....#####..####.####......?.....
. ..# #..# #.# #..#####......
#..## #.###.## ..... #...#
#.#... .... ###.###.#.## ...
#####...#...#### ##
.................. ...####
...#######.>##### #......


You could see Ijyb (extremely poisoned).

Vanquished Creatures
  An orc wizard (D:4)
  An iguana (D:4)
  3 ribbon worms (D:2)
  5 dart slugs
  7 orcs
  2 endoplasms
  6 giant cockroaches
  10 goblins
  6 hobgoblins
  6 jackals
  3 quokkas
  2 ball pythons
  3 bats
  4 frilled lizards
  5 kobolds
  A rat (D:2)
65 creatures vanquished.

Notes
Turn   | Place    | Note
-------+----------+-------------------------------------------
     0 | D:1      | Jannitor the Draconian Reaver began the quest for the Orb.
     0 | D:1      | Reached XP level 1. HP: 17/17 MP: 3/3
   276 | D:1      | Found a faded altar of an unknown god.
   334 | D:1      | Reached XP level 2. HP: 25/25 MP: 5/5
   885 | D:2      | Gained mutation: You have very sharp teeth. [potion of
                  | mutation]
   885 | D:2      | Gained mutation: You have a pair of small horns on your
                  | head. [potion of mutation]
   893 | D:2      | HP: 1/25 [jackal (2)]
  1114 | D:2      | Reached XP level 3. HP: 30/30 MP: 6/6
  1826 | D:3      | Found an opulent altar of Gozag.
  1858 | D:3      | Found a white marble altar of Elyvilon.
  2187 | D:3      | Reached XP level 4. HP: 30/37 MP: 7/7
  2791 | D:4      | Reached XP level 5. HP: 39/45 MP: 9/9
  2845 | D:4      | Noticed Ijyb
  2846 | D:4      | Noticed Sigmund
  2852 | D:4      | Paralysed by Ijyb for 3 turns
  2867 | D:4      | Paralysed by Ijyb for 2 turns
  2870 | D:4      | HP: 1/45 [poisoned by Sigmund]
  2871 | D:4      | Succumbed to Sigmund's poison

Illustrated notes

Levels and vault maps discovered:
D:1:      dpeg_arrival_rooms_c, layout_basic, shapermc_ecumenical_altar_venn
D:2:      layout_loops_ring
D:3:      cheibrodos_greedy_goblins, layout_loops_ring, grunt_gozag_breadcrumbs,
          nicolae_elyvilon_peaceful_grove, kennysheep_decorative_pillar
D:4:      layout_basic, serial_shops, nicolae_shop_rolling_square, uniq_sigmund,
          uniq_ijyb

Skill      XL: |  1  2  3  4 |
---------------+-------------+-----
Dodging        | 2 |  2.5
Fighting       | 3 |  3.2
Long Blades    | |  3.7
Spellcasting   | |  2.8
Conjurations   | |  3.7

Action                     |  1- 3 |  4- 6 || total
---------------------------+-------+-------++-------
  Melee: Falchion          |   158 |    20 ||   178
         Tailslap          |    17 |     3 ||    20
         Bite              |     9 |     3 ||    12
         Headbutt          |     6 |    11 ||    17
         Punch             |     1 |     1 ||     2
         Dagger            |       |    46 ||    46
    Use: Potion            |     1 |     5 ||     6
 Armour: Skin              |    93 |    53 ||   146
  Dodge: Dodged            |    97 |    31 ||   128

Table legend: (Time is in decaauts)
 A = Elapsed time spent in this place.
 B = Non-inter-level travel time spent in this place.
 C = Inter-level travel time spent in this place.
 D = Time resting spent in this place.
 E = Time spent auto-exploring this place.
 F = Levels seen in this place.
 G = Mean time per level.
                   A        B        C        D        E       F      G
               +--------+--------+--------+--------+--------+-----+--------+
         Total |   2891 |   2760 |    131 |     96 |   2164 |   4 |  722.8 |
       Dungeon |   2891 |   2760 |    131 |     96 |   2164 |   4 |  722.8 |
               +--------+--------+--------+--------+--------+-----+--------+

Top non-repeatable levels by time:
     D:3: 862 daAuts
     D:1: 843 daAuts
     D:2: 821 daAuts
     D:4: 364 daAuts
